AoeStats
← Bleedz xx

Oasis

508355549Analyzed
3v3 RM · 11d ago on Sep 22, 2026· 66m 24s· 6 players
Game mode
Random Map
Map size
Normal (6 player)
Population
200
Speed
Normal
Resources
Standard
Victory
Conquest
Starting age
Dark Age
Ending age
Imperial Age
RankedLock teamsTeams togetherTeam positionsShared explorationLock speedFull tech treeHidden civsTurbo modeCheats
Victory
Defeat
🇺🇸 Britons · United States
1245
+14
🇺🇸 Khmer · United States
1106
+19
🇺🇸 Hindustanis · United States
1095
+20
🇨🇱 Persians · Chile
1256
-21
🇨🇱 Britons · Chile
1203
-18
🇨🇱 Khmer · Chile
1101
-14
slimsadie1831
8:28 Loom
10:59 Feudal Age
17:29 Fletching
23:09 Castle Age
22:55 Bloodlines
23:01 Forging
23:00 Scale Barding Armor
30:17 Elite Skirmisher
39:41 Wheelbarrow
38:54 Double-Bit Axe
38:54 Horse Collar
39:36 Gold Mining
39:36 Stone Mining
40:59 Husbandry
42:08 Hand Cart
43:33 Chain Barding Armor
43:24 Forging
43:03 Light Cavalry
48:10 Imperial Age
48:06 Ballistics
48:54 Iron Casting
48:20 Scale Mail Armor
49:38 Elite Ballista Elephant
52:29 Double Crossbow
54:02 Chemistry
57:00 Siege Engineers
58:13 Plate Barding Armor
58:50 Blast Furnace
62:19 Hussar
Bleedz xx
4:41 Loom
8:21 Loom
10:37 Feudal Age
15:35 Castle Age
15:01 Double-Bit Axe
15:00 Horse Collar
17:51 Wheelbarrow
17:03 Town Watch
17:40 Bow Saw
20:20 Scale Barding Armor
21:39 Heavy Plow
26:08 Hand Cart
25:50 Gold Mining
26:44 Forging
26:55 Chain Barding Armor
27:28 Husbandry
28:43 Bloodlines
30:35 Iron Casting
39:47 Imperial Age
40:58 Ballistics
41:40 Chemistry
40:12 Heavy Camel Rider
41:40 Plate Barding Armor
42:38 Two-Man Saw
42:45 Conscription
44:18 Chemistry
43:45 Stone Mining
44:31 Gold Shaft Mining
47:09 Imperial Camel Rider
48:30 Ballistics
51:14 Shatagni
52:19 Town Patrol
54:46 Thumb Ring
57:58 Stone Shaft Mining
57:39 Masonry
57:40 Fortified Wall
57:35 Siege Engineers
59:20 Light Cavalry
60:16 Fletching
60:26 Padded Archer Armor
61:10 Bodkin Arrow
62:20 Blast Furnace
SlickPup7427097
10:45 Feudal Age
11:55 Loom
21:33 Castle Age
20:04 Fletching
21:21 Padded Archer Armor
21:21 Gold Mining
21:42 Crossbowman
22:39 Double-Bit Axe
23:05 Horse Collar
24:35 Bodkin Arrow
28:24 Leather Archer Armor
31:25 Wheelbarrow
31:35 Ballistics
33:31 Gold Shaft Mining
39:15 Imperial Age
38:25 Yeomen
39:39 Murder Holes
39:55 Masonry
39:56 Bracer
39:57 Scale Mail Armor
39:21 Pikeman
40:52 Conscription
42:06 Arbalester
44:41 Ring Archer Armor
45:57 Chain Mail Armor
45:52 Forging
46:19 Squires
50:30 Chemistry
49:37 Siege Engineers
50:39 Elite Longbowman
52:37 Iron Casting
52:19 Stone Mining
54:25 Treadmill Crane
55:18 Architecture
54:36 Town Watch
55:07 Hand Cart
57:45 Scale Barding Armor
58:40 Blast Furnace
60:05 Chain Barding Armor
59:57 Light Cavalry
66:51 Plate Barding Armor
66:05 Arrowslits
66:25 Town Patrol
Janseth
6:45 Loom
9:05 Feudal Age
9:40 Double-Bit Axe
10:33 Horse Collar
20:40 Castle Age
19:14 Gold Mining
20:26 Bloodlines
20:24 Scale Barding Armor
20:29 Forging
22:53 Bow Saw
25:47 Scale Mail Armor
26:25 Chain Barding Armor
26:45 Fletching
27:16 Husbandry
28:16 Wheelbarrow
27:28 Town Watch
29:24 Iron Casting
31:22 Heavy Plow
30:59 Pikeman
31:59 Gambesons
34:13 Scale Mail Armor
37:04 Squires
42:29 Imperial Age
41:40 Hand Cart
42:06 Cavalier
43:28 Plate Barding Armor
43:53 Blast Furnace
44:39 Halberdier
47:29 Chain Mail Armor
47:37 Ballistics
47:27 Masonry
48:01 Crop Rotation
52:21 Plate Mail Armor
51:58 Fletching
52:09 Padded Archer Armor
51:33 Light Cavalry
52:32 Caravan
53:23 Architecture
52:48 Murder Holes
53:31 Bodkin Arrow
55:41 Chemistry
56:12 Gold Shaft Mining
55:27 Stone Mining
55:29 Heavy Camel Rider
58:42 Coinage
58:22 Guilds
58:53 Conscription
58:46 Citadels
58:59 Heavy Scorpion
60:54 Banking
61:04 Savar
Arkh
9:23 Feudal Age
9:50 Loom
9:53 Double-Bit Axe
13:52 Horse Collar
14:19 Fletching
18:46 Padded Archer Armor
18:32 Man-at-Arms
20:19 Scale Mail Armor
22:54 Forging
22:51 Arson
28:56 Castle Age
28:34 Gold Mining
29:37 Bodkin Arrow
29:44 Squires
29:30 Gambesons
29:12 Crossbowman
31:03 Bow Saw
30:26 Long Swordsman
30:54 Pikeman
33:33 Chain Mail Armor
34:34 Leather Archer Armor
36:10 Stone Mining
37:15 Wheelbarrow
39:18 Hand Cart
45:55 Imperial Age
44:18 Gold Shaft Mining
44:16 Heavy Plow
46:55 Ballistics
45:58 Arbalester
46:39 Bracer
47:29 Ring Archer Armor
48:34 Chemistry
52:07 Plate Mail Armor
52:12 Iron Casting
54:03 Two-Handed Swordsman
56:13 Scale Barding Armor
57:00 Conscription
58:02 Two-Man Saw
59:11 Halberdier
62:38 Blast Furnace
64:00 Onager
milo
11:22 Feudal Age
20:10 Loom
27:01 Double-Bit Axe
32:26 Castle Age
52:52 Bow Saw
61:48 Scale Barding Armor
61:54 Forging
63:19 Pikeman
Connection lost

Rejoining the realm…

Still unreachable

The connection could not be restored.

Session expired

The server has moved on; the page needs a fresh start.